 Dungeon Crawl Stone Soup version 0.29.1-1-gd02db6906a (webtiles) character file.

Game seed: 15916577867354610156

98 Demigod47 the Covered (level 4, -7/41 HPs)
             Began as a Minotaur Fighter on Oct 6, 2022.
             Was a Priest of Lugonu.
             Mangled by a gnoll
             ... wielding a +0 halberd
              (12 damage)
             ... on level 3 of the Dungeon.
             The game lasted 00:05:11 (2581 turns).

Demigod47 the Covered (Minotaur Fighter)            Turns: 2581, Time: 00:05:12

Health: -7/41      AC: 13    Str: 23    XL:     4   Next: 43%
Magic:  3/3        EV:  6    Int:  5    God:    Lugonu [***...]
Gold:   95         SH:  0    Dex:  9    Spells: 3/3 levels left

rFire   . . .      SeeInvis .   a - +0 war axe
rCold   . . .      Faith    .   c - +0 buckler
rNeg    . . .      Spirit   .   i - +0 plate armour
rPois   .          Reflect  .   (helmet restricted)
rElec   .          Harm     +   r - scarf {harm}
rCorr   .          Rampage  .   (no gloves)
Will    .....                   j - +0 pair of boots
Stlth   ..........              (no amulet)
HPRegen 0.13/turn               (no ring)
MPRegen 0.08/turn               (no ring)

@: confused, brilliant, ambrosia-drunk, hasted, studying Ice Magic, invisible,
very quick
A: horns 2, retaliatory headbutt
a: Renounce Religion, Depart the Abyss, Bend Space, Banish


You were on level 3 of the Dungeon.
You worshipped Lugonu.
Lugonu was most pleased with you.
You visited 1 branch of the dungeon, and saw 3 of its levels.

You collected 95 gold pieces.

Inventory:

Hand Weapons
 a - a +0 war axe (weapon)
Missiles
 e - 26 stones (quivered)
 f - 2 poisoned darts
Armour
 b - a +0 scale mail
 c - a +0 buckler (worn)
 i - a +0 plate armour (worn)
 j - a +0 pair of boots (worn)
 r - a scarf of harm (worn)
Scrolls
 g - 4 scrolls of identify {unknown}
 h - 4 scrolls of amnesia {unknown}
 n - 2 scrolls of immolation {unknown}
 p - a scroll of butterflies {unknown}
 q - a scroll of silence {unknown}
 t - a scroll of fear {unknown}
Potions
 d - 2 potions of might
 o - a potion of degeneration {unknown}
 s - a potion of invisibility
 u - a potion of lignification {unknown}
 v - a potion of curing {unknown}
 w - a potion of attraction {unknown}


   Skills:
 + Level 4.3 Fighting
 + Level 3.6 Axes
 + Level 4.4 Armour
 + Level 0.8 Dodging
 + Level 0.1 Stealth
 + Level 4.1 Shields


You had 3 spell levels left.
You didn't know any spells.
Your spell library contained the following spells:

 Spells                   Type           Power      Damage    Failure   Level
 Beastly Appendage        Tmut           0%         N/A       100%        1
 Wereblood                Tmut           0%         N/A       100%        2
 Spider Form              Tmut/Pois      0%         N/A       100%        3


Dungeon Overview and Level Annotations

Branches:
Dungeon (3/15)

Altars:
Elyvilon
Lugonu


Innate Abilities, Weirdness & Mutations

You have a pair of horns on your head.
You reflexively headbutt those who attack you in melee.


Message History

The gnoll hits you from afar with a +0 spear.
The gnoll barely misses you. You block the gnoll's attack.
You slash the gnoll!
The gnoll is almost dead.
The gnoll hits you with a +0 flail. You block the gnoll's attack.
You slash the gnoll!
You kill the gnoll!
Lugonu accepts your kill.
The gnoll hits you from afar with a +0 spear.
You block the gnoll's attack. x2
Things that are here:
a +0 flail; a gnoll corpse You hit the gnoll.
The gnoll is heavily wounded.
The gnoll barely misses you. The gnoll hits you with a +0 spear.
The gnoll hits you from afar with a +0 halberd!
* * * LOW HITPOINT WARNING * * *
The gnoll hits you but does no damage.
You closely miss the gnoll.
The gnoll is moderately wounded.
The gnoll hits you but does no damage.
The gnoll hits you from afar with a +0 halberd!
* * * LOW HITPOINT WARNING * * *
You barely miss the gnoll. You headbutt the gnoll!
You kill the gnoll!
Lugonu accepts your kill. You block the gnoll's attack.
It was a potion of invisibility.
You fade into invisibility!
You block the gnoll's attack.
It was a potion of haste.
You feel yourself speed up. The gnoll barely misses you.
It was a potion of brilliance.
You feel clever all of a sudden. The gnoll barely misses you.
It was a potion of ambrosia.
You are confused.
You feel invigorated.
The gnoll hits you from afar with a +0 halberd!
You die...

..~~...P...~~..###
...PP♣♣.♣♣P....#..
..P.♣♣P.P♣♣.P#.#.#
..♣.♣....P♣.♣#.#.#
..♣P..._....♣#.#)#
<.♣.♣....P♣.♣..#)#
##P.♣♣..P♣♣.P###g#
#.P.♣♣.♣♣PP.# #.#
#~≈P..P..P~≈# #@#
#≈≈.P♣♣♣..≈~###.#######
########..>.............
.................#######
##################
......# .####.# .# #.#
.# #.#


You could see a gnoll (unable to see you).

Vanquished Creatures
  2 gnolls (D:3)
  An adder (D:3)
  A dart slug (D:2)
  4 endoplasms
  4 giant cockroaches
  9 goblins
  5 hobgoblins
  4 jackals (D:1)
  5 kobolds
  3 quokkas (D:1)
  10 ball pythons
  4 bats
  4 frilled lizards
  5 rats
  A bush (D:3)
62 creatures vanquished.

Notes
Turn   | Place    | Note
-------+----------+-------------------------------------------
     0 | D:1      | Demigod47 the Minotaur Fighter began the quest for the Orb.
     0 | D:1      | Reached XP level 1. HP: 19/19 MP: 0/0
    46 | D:1      | Reached XP level 2. HP: 20/27 MP: 1/1
   314 | D:1      | Found a faded altar of an unknown god.
   455 | D:1      | Prayed at the altar of an unknown god.
   455 | D:1      | Became a worshipper of Lugonu the Unformed
   455 | D:1      | Reached * piety under Lugonu
   455 | D:1      | Reached ** piety under Lugonu
   499 | D:1      | Reached XP level 3. HP: 33/33 MP: 2/2
  1894 | D:3      | Reached XP level 4. HP: 39/40 MP: 3/3
  2040 | D:3      | Found a white marble altar of Elyvilon.
  2186 | D:3      | Reached *** piety under Lugonu
  2573 | D:3      | HP: 2/41 [gnoll/+0 halberd (9)]
  2581 | D:3      | Mangled by a gnoll

Illustrated notes

Levels and vault maps discovered:
D:1:      dpeg_arrival_stone_temple_mockup, layout_basic,
          nicolae_ecumenical_lake_church
D:2:      layout_loops_ring, kennysheep_generic_room_12
D:3:      layout_basic, nicolae_elyvilon_peaceful_grove, minmay_puff

Skill      XL: |  1  2  3 |
---------------+----------+-----
Fighting       | 4 |  4.3
Armour         | 4 |  4.4
Shields        | 4 |  4.1
Axes           | 3 |  3.6
Dodging        | |  0.8
Stealth        | |  0.1

Action                   |  1- 3 |  4- 6 || total
-------------------------+-------+-------++-------
Melee: War axe           |    99 |    42 ||   141
       Headbutt          |    11 |    10 ||    21
  Use: Potion            |       |     4 ||     4
Armor: Scale mail        |    35 |       ||    35
       Plate armour      |    47 |    10 ||    57
Dodge: Dodged            |    56 |    12 ||    68
Block: Buckler           |    36 |     8 ||    44
